 Dungeon Crawl Stone Soup version 0.32-a0-35-gd9ff480968 (webtiles) character file.

Game seed: 8020684678176640559

7812 Atlas the Thaumaturge (level 11, 0/72 HPs)
             Began as a Demonspawn Fire Elementalist on Jan 21, 2024.
             Was a Priest of Vehumet.
             Slain by a kobold demonologist
             ... wielding a +0 dagger
              (2 damage)
             ... on level 10 of the Dungeon on Jan 22, 2024.
             The game lasted 00:13:09 (10473 turns).

Atlas the Thaumaturge (DsFE)                       Turns: 10473, Time: 00:13:10

Health: 0/72       AC: 14    Str: 15    XL:     11   Next: 1%
Magic:  10/25      EV: 12    Int: 19    God:    Vehumet [***...]
Gold:   219        SH:  5    Dex: 14    Spells: 24/30 levels left

rFire   . . .        A - +0 rapier (venom)
rCold   . . .        e - orb {light}
rNeg    . . .        C - +2 leather armour {rPois}
rPois   +            i - +0 helmet
rElec   .            (no cloak)
rCorr   .            z - +0 pair of gloves
SInv    .            g - +0 pair of boots
Will    .....        s - amulet of reflection
Stlth   +            j - +4 ring of protection
HPRegen 0.32/turn    u - +6 ring of strength
MPRegen 0.38/turn

%: reflection
@: spiked, glowing
A: claws 1, molten scales 1, powered by pain 2, magic regeneration
a: Renounce Religion


You were on level 10 of the Dungeon.
You worshipped Vehumet.
Vehumet was most pleased with you.
You visited 2 branches of the dungeon, and saw 12 of its levels.

You collected 569 gold pieces.
You spent 350 gold pieces at shops.

Inventory:

Hand Weapons
 A - a +0 rapier of venom (weapon)
Missiles
 G - a throwing net
Armour
 e - an orb of light (worn)
 g - a +0 pair of boots (worn)
 i - a +0 helmet (worn)
 z - a +0 pair of gloves (worn)
 C - a +2 leather armour of poison resistance (worn)
Jewellery
 j - a +4 ring of protection (left hand)
 s - an amulet of reflection (around neck)
 u - a +6 ring of strength (right hand)
Wands
 y - a wand of flame (15)
Scrolls
 a - a scroll of immolation
 f - a scroll of noise
 m - a scroll of torment
 o - 3 scrolls of blinking
 q - 2 scrolls of vulnerability
 r - 2 scrolls of fog
 t - a scroll of enchant armour
 v - 3 scrolls of poison
 w - 2 scrolls of teleportation
 B - a scroll of enchant weapon
 H - a scroll of revelation
Potions
 b - a potion of magic
 c - a potion of heal wounds
 d - 5 potions of curing
 h - 2 potions of might
 k - 2 potions of invisibility {unknown}
 n - 3 potions of haste
 p - 4 potions of resistance
 x - a potion of ambrosia {unknown}
 D - a potion of mutation {unknown}
 E - a potion of berserk rage {unknown}
 F - a potion of degeneration {unknown}


   Skills:
 + Level 1.9 Fighting
 + Level 3.2 Short Blades
 + Level 2.7 Armour
 + Level 3.1 Dodging
 + Level 3.3 Stealth
 + Level 10.4 Spellcasting
 + Level 5.1 Conjurations
 + Level 9.2 Fire Magic
 + Level 0.1 Air Magic


You had 24 spell levels left.
You knew the following spells:

 Your Spells              Type           Power      Damage    Failure   Level
a - Scorch                Fire           90%        2d8       1%          2
b - Foxfire               Conj/Fire      100%       2x1d9     1%          1
c - Mephitic Cloud        Conj/Alch/Air  16%        N/A       3%          3

Your spell library contained the following spells:

 Spells                   Type           Power      Damage    Failure   Level
 Static Discharge         Conj/Air       40%        3-5/arc   1%          2
 Kiss of Death            Conj/Necr      76%        2d11      1%          1
 Inner Flame              Hex/Fire       27%        N/A       1%          3
 Volatile Blastmotes      Fire/Tloc      54%        2d14      1%          3
 Flame Wave               Conj/Fire      37%        2d10      1%          4
 Dazzling Flash           Conj/Hex       38%        N/A       2%          3
 Jinxbite                 Hex            18%        N/A       13%         2
 Sublimation of Blood     Necr           9%         N/A       13%         2
 Irradiate                Conj/Alch      9%         3d14      21%         5
 Confusing Touch          Hex            9%         N/A       26%         3
 Lee's Rapid Deconstruct  Erth           4%         3d5*      50%         5
 Yara's Violent Unravell  Hex/Alch       5%         3d4       50%         5
 Dispel Undead            Necr           9%         3d8       65%         4
 Leda's Liquefaction      Alch/Erth      5%         N/A       65%         4
 Passage of Golubria      Tloc           9%         N/A       65%         4
 Petrify                  Alch/Erth      10%        N/A       65%         4
 Bombard                  Conj/Erth      9%         9d2       71%         6
 Silence                  Hex/Air        5%         N/A       93%         5
 Curse of Agony           Necr           9%         N/A       94%         5
 Enfeeble                 Hex            4%         N/A       100%        7
 Lehudib's Crystal Spear  Conj/Erth      9%         10d4      100%        8
 Chain Lightning          Conj/Air       10%        3d13      100%        9
 Fire Storm               Conj/Fire      18%        8d5       100%        9
 Shatter                  Erth           4%         3d8*      100%        9


Dungeon Overview and Level Annotations

Branches:
Dungeon (11/15)            Temple (1/1) D:4
   Lair: D:8-11         Orc: D:9-12

Altars:
Ashenzari
Cheibriados
Dithmenos
Fedhas
Gozag
Hepliaklqana
Kikubaaqudgha
Makhleb
Nemelex Xobeh
Okawaru
Qazlal
Ru
Sif Muna
Trog
Uskayaw
Vehumet
Wu Jian
Xom
Yredelemnul

Shops:
D:9 ?

Annotations:
D:2 1 runed translucent door, Crazy Yiuf


Innate Abilities, Weirdness & Mutations

You have sharp fingernails.
You are partially covered in molten scales. (AC +2)
You sometimes gain power by taking damage.
You regenerate magic rapidly.


Message History

Unknown command.
You hit the kobold demonologist.
The kobold demonologist is poisoned.
The kobold demonologist is moderately wounded.
The quasit bites you but does no damage.
The quasit closely misses you.
The quasit claws you but does no damage.
The shadow imp gestures at you. Pain shoots through your body!
* * * LOW HITPOINT WARNING * * *
The crimson imp barely misses you. The red devil closely misses you.
The kobold brigand is engulfed in noxious fumes.
The kobold brigand appears confused.
The orc wizard is engulfed in noxious fumes.
The orc wizard appears confused.
The kobold demonologist barely misses you.
You hit the orc wizard.
You kill the orc wizard!
Vehumet accepts your kill.
Vehumet is now aiding your destructive spells.
You feel your power returning.
Reactivating autopickup.
The quasit barely misses you. x2
The quasit claws you but does no damage.
The crimson imp misses you. The red devil barely misses you.
The kobold brigand is engulfed in noxious fumes.
Unknown command.
You hit the kobold demonologist.
The kobold demonologist looks as sick as possible!
The kobold demonologist is heavily wounded.
The quasit barely misses you. x2
The quasit claws you but does no damage.
The crimson imp barely misses you.
The red devil hits you from afar with a +0 trident.
* * * LOW HITPOINT WARNING * * *
Barbed spikes become lodged in your body.
The kobold brigand is engulfed in noxious fumes.
The kobold brigand appears confused.
The kobold brigand barely misses the orc wizard.
The kobold demonologist hits you with a +0 dagger.
You die...

#<..[z.
+...... #
#######4###
#...☼@K...#
#...5K5...#
#...○5K...#
#....o....#
#..!......#
#.......!.#
...........
##.........##


You could see a kobold demonologist (confused, extremely poisoned), a red devil
(summoned), a kobold brigand (confused), an orc wizard (confused), a quasit
(summoned), a crimson imp (summoned), a shadow imp (summoned) and a kobold.

Vanquished Creatures
  Harold (D:9)
  A two-headed ogre (D:9)
  Pikel (D:9)
  Joseph (D:7)
  Psyche (D:8)
  A hornet (D:8)
  Prince Ribbit (D:9)
  Sigmund (D:2)
  6 yaks (D:8)
  Eustachio (D:5)
  3 water moccasins
  6 orc warriors
  A black bear (D:6)
  2 ice beasts
  2 ogres
  3 centaurs
  2 bullfrogs
  A scorpion (D:4)
  13 wights
  6 killer bees
  7 howler monkeys
  2 electric eels (D:8)
  3 jellies
  A bombardier beetle (D:7)
  2 hounds (D:6)
  A gnoll bouda (D:9)
  3 iguanas
  7 orc priests
  Jessica (D:2)
  13 orc wizards
  4 gnolls (D:9)
  4 adders
  A shadow imp (D:5)
  A white imp (D:4)
  2 ufetubi (D:7)
  8 dart slugs
  38 orcs
  7 ball pythons
  13 bats
  5 endoplasms
  5 giant cockroaches
  8 goblins
  7 hobgoblins
  4 quokkas
  2 frilled lizards (D:1)
  6 kobolds
  5 rats
214 creatures vanquished.

Vanquished Creatures (collateral kills)
  A foxfire (D:3)
1 creature vanquished.

Vanquished Creatures (others)
  714 foxfires
714 creatures vanquished.

Grand Total: 929 creatures vanquished

Notes
Turn   | Place    | Note
-------+----------+-------------------------------------------
     0 | D:1      | Atlas the Demonspawn Fire Elementalist began the quest for
                  | the Orb.
     0 | D:1      | Reached XP level 1. HP: 13/13 MP: 3/3
   334 | D:1      | Gained mutation: You sometimes gain a little power by
                  | taking damage. [demonic ancestry]
   334 | D:1      | Reached XP level 2. HP: 19/19 MP: 0/5
  1043 | D:1      | Learned a level 2 spell: Scorch
  1123 | D:1      | Reached XP level 3. HP: 24/24 MP: 1/6
  1812 | D:2      | Found a runed translucent door.
  1813 | D:2      | Noticed Crazy Yiuf
  2041 | D:2      | Noticed Sigmund
  2048 | D:2      | Killed Sigmund
  2049 | D:2      | Reached skill level 3 in Spellcasting
  2049 | D:2      | Gained mutation: You regenerate magic rapidly. [demonic
                  | ancestry]
  2049 | D:2      | Reached XP level 4. HP: 21/30 MP: 0/9
  2049 | D:2      | Reached XP level 5. HP: 25/35 MP: 0/10
  2691 | D:2      | Noticed Jessica
  2697 | D:2      | Killed Jessica
  3016 | D:3      | Found a burning altar of Makhleb.
  3269 | D:3      | Reached XP level 6. HP: 41/41 MP: 6/11
  3310 | D:3      | Found a blossoming altar of Fedhas.
  3582 | D:4      | Reached skill level 4 in Spellcasting
  3899 | D:4      | Noticed an ice beast
  3905 | D:4      | Killed an ice beast
  4102 | D:4      | Found a stormy altar of Qazlal.
  4423 | D:4      | Found a staircase to the Ecumenical Temple.
  4604 | Temple   | Entered the Ecumenical Temple
  4668 | D:5      | Entered Level 5 of the Dungeon
  4679 | D:5      | Gained mutation: You are partially covered in molten
                  | scales. (AC +2) [demonic ancestry]
  4679 | D:5      | Reached XP level 7. HP: 46/46 MP: 6/13
  4841 | D:5      | Reached skill level 5 in Fire Magic
  5008 | D:5      | Found a bloodstained altar of Trog.
  5069 | D:5      | Noticed Eustachio
  5116 | D:5      | Killed Eustachio
  5117 | D:5      | Reached skill level 1 in Armour
  5403 | D:5      | Reached skill level 5 in Spellcasting
  5610 | D:6      | Gained mutation: You sometimes gain power by taking damage.
                  | [demonic ancestry]
  5610 | D:6      | Reached XP level 8. HP: 52/52 MP: 6/16
  5927 | D:6      | Reached skill level 6 in Spellcasting
  6379 | D:7      | Found a radiant altar of Vehumet.
  6512 | D:7      | Became a worshipper of Vehumet
  6676 | D:7      | Reached skill level 1 in Fighting
  6788 | D:7      | Found a broken altar of Ashenzari.
  6936 | D:7      | Reached XP level 9. HP: 49/59 MP: 9/19
  6979 | D:6      | Reached skill level 1 in Short Blades
  7077 | D:7      | Reached skill level 7 in Spellcasting
  7135 | D:7      | Noticed Joseph
  7147 | D:7      | Killed Joseph
  7220 | D:7      | Found an iron altar of Okawaru.
  7225 | D:7      | Reached * piety under Vehumet
  7225 | D:7      | Offered knowledge of Sting by Vehumet.
  7466 | D:7      | Identified the +6 tower shield of the Pink Corner {Str+4
                  | Int+3}
  7779 | D:8      | Paralysed by a hornet for 3 turns
  7788 | D:8      | Reached skill level 8 in Spellcasting
  8205 | D:8      | Noticed Psyche
  8215 | D:8      | Killed Psyche
  8303 | D:7      | Learned a level 3 spell: Mephitic Cloud
  8566 | D:8      | Reached XP level 10. HP: 61/66 MP: 20/22
  8758 | D:8      | You fall into a shaft and drop 3 floors!
  8772 | D:10     | Entered Level 10 of the Dungeon
  8935 | D:9      | Reached ** piety under Vehumet
  8935 | D:9      | Offered knowledge of Mercury Vapours by Vehumet.
  9051 | D:8      | Reached skill level 9 in Spellcasting
  9403 | D:9      | Noticed a two-headed ogre
  9411 | D:9      | Killed a two-headed ogre
  9636 | D:9      | Noticed Pikel
  9660 | D:9      | Killed Pikel
  9661 | D:9      | Reached skill level 5 in Conjurations
  9877 | D:9      | Noticed Prince Ribbit
  9883 | D:9      | Killed Prince Ribbit
  9883 | D:9      | Offered knowledge of Static Discharge by Vehumet.
  9906 | D:9      | Reached skill level 10 in Spellcasting
  9978 | D:9      | Noticed Harold
  9993 | D:9      | Killed Harold
 10262 | D:9      | Found Qieves's Magic Scroll Emporium.
 10265 | D:9      | Bought 2 scrolls of identify for 52 gold pieces
 10265 | D:9      | Bought a scroll of identify for 26 gold pieces
 10265 | D:9      | Bought a scroll of revelation for 97 gold pieces
 10265 | D:9      | Bought a scroll of blinking for 97 gold pieces
 10265 | D:9      | Bought a scroll of identify for 26 gold pieces
 10265 | D:9      | Bought 2 scrolls of identify for 52 gold pieces
 10339 | D:9      | Found a sparkling altar of Nemelex Xobeh.
 10422 | D:10     | Found a snail-covered altar of Cheibriados.
 10443 | D:10     | Noticed a manticore
 10454 | D:10     | Gained mutation: You have sharp fingernails. [demonic
                  | ancestry]
 10454 | D:10     | Reached XP level 11. HP: 54/72 MP: 16/25
 10472 | D:10     | Reached *** piety under Vehumet
 10473 | D:10     | HP: 2/72 [red devil/+0 trident[a kobold demonologist] (5)]
 10473 | D:10     | Slain by a kobold demonologist

Illustrated notes

Levels and vault maps discovered:
D:1:      dpeg_arrival_connections, layout_basic
D:2:      layout_basic, uniq_sigmund, uniq_crazy_yiuf_cottage, uniq_jessica
D:3:      layout_rooms, mainiacjoe_overflow_cross_hatched,
          mainiacjoe_overflow_alcove_1, small_statue_intersection,
          guppyfry_early_orc_mine
D:4:      layout_loops_cross, lemuel_crystal_altar, minmay_temple_entry_fiery
D:5:      layout_rooms, trog_butcher_becter, uniq_eustachio
D:6:      layout_gridville
D:7:      layout_basic, tso_oasis_becter, okawaru_trees_1,
          amcnicky_altar_gilded, lemuel_doored_altar, uniq_joseph
D:8:      layout_loops_corners, chequers_decorated_corner, minivault_14,
          uniq_psyche
D:9:      layout_irregular_city, nemelex_diamond_rough_becter, serial_shops,
          nicolae_shop_rolled_up, uniq_prince_ribbit1, uniq_harold, uniq_pikel
D:10:     layout_roguey, kennysheep_slug_shrine
D:11:     layout_roguey, grunt_lair_entry_orc_guard_hut, erik_orc_2,
          serial_co_window_serial, co_window_paths_a,
          co_window_of_opportunity_a, co_window_of_opportunity_a,
          co_window_corner_a, co_window_corner_a, co_window_of_opportunity_a,
          co_window_of_opportunity_c, co_window_unsneaky_path_c,
          co_window_unsneaky_path_b, co_window_unsneaky_path_d,
          co_window_corner_b, co_window_corner_ca, co_window_paths_d,
          glass_columns_a, glass_columns_b, glass_columns_a, glass_columns_c
Temple:   chequers_temple_sunken

Skill      XL: |  1  2  3  4  5  6  7  8  9 10 |
---------------+-------------------------------+-----
Dodging        | 2 3 |  3.1
Fire Magic     | 3 4 5 7 8 9 |  9.2
Spellcasting   | 3 4 5 6 8 10 | 10.4
Conjurations   | 2 3 4 5 |  5.1
Stealth        | 2 3 |  3.3
Armour         | 1 2 |  2.7
Fighting       | 1 |  1.9
Short Blades   | 2 3 |  3.2
Air Magic      | |  0.1

Action                     |  1- 3 |  4- 6 |  7- 9 | 10-12 || total
---------------------------+-------+-------+-------+-------++-------
  Melee: Unarmed           |     1 |       |       |       ||     1
         Short sword       |       |     2 |    39 |       ||    41
         Rapier            |       |       |    48 |    60 ||   108
   Cast: Foxfire           |    83 |    71 |   120 |   141 ||   415
         Scorch            |     4 |    26 |    96 |    50 ||   176
         Mephitic Cloud    |       |       |       |     4 ||     4
    Use: Potion            |       |       |     3 |     1 ||     4
         Scroll            |       |       |       |    14 ||    14
 Armour: Robe              |     5 |     4 |       |       ||     9
         Leather armour    |       |    16 |   137 |    93 ||   246
  Dodge: Dodged            |     9 |    16 |   107 |    94 ||   226

Table legend: (Time is in decaauts)
 A = Elapsed time spent in this place.
 B = Non-inter-level travel time spent in this place.
 C = Inter-level travel time spent in this place.
 D = Time resting spent in this place.
 E = Time spent auto-exploring this place.
 F = Levels seen in this place.
 G = Mean time per level.
                   A        B        C        D        E       F      G
               +--------+--------+--------+--------+--------+-----+--------+
         Total |  10498 |   9849 |    649 |    488 |   7780 |  12 |  874.8 |
       Dungeon |  10447 |   9822 |    625 |    488 |   7780 |  11 |  949.7 |
        Temple |     51 |     28 |     23 |      0 |      0 |   1 |   51.0 |
               +--------+--------+--------+--------+--------+-----+--------+

Top non-repeatable levels by time:
     D:1: 1742 daAuts
     D:8: 1320 daAuts
     D:7: 1272 daAuts
     D:9: 1223 daAuts
     D:2: 1167 daAuts
     D:4: 1078 daAuts
     D:6: 1064 daAuts
     D:5: 796 daAuts
     D:3: 658 daAuts
    D:10: 109 daAuts
  Temple: 51 daAuts
    D:11: 13 daAuts
